 Dungeon Crawl Stone Soup version 0.25-a0-815-gab441bd002 (webtiles) character file.

Game seed: 11081712962405882203, levelgen mode: deterministic

967 Conn the Sneak (level 8, 0/76 HPs)
             Began as an Octopode Fire Elementalist on Apr 20, 2020.
             Was an Initiate of Sif Muna.
             Slain by a killer bee (6 damage)
             ... on level 4 of the Dungeon.
             The game lasted 00:16:13 (5704 turns).

Conn the Sneak (Octopode Fire Elementalist)         Turns: 5704, Time: 00:16:13

Health: 0/76       AC:  1    Str:  7    XL:     8   Next: 15%
Magic:  8/14       EV: 14    Int: 19    God:    Sif Muna [......]
Gold:   215        SH:  0    Dex: 13    Spells: 6/15 levels left

rFire    + . .     SeeInvis .   c - +1 war axe (vorpal)
rCold    x . .     Gourm    .   (no shield)
rNeg     . . .     Faith    +   (helmet restricted)
rPois    .         Spirit   .   d - amulet of faith
rElec    .         Reflect  .   a - ring of fire
rCorr    +         Harm     .   t - ring of resist corrosion
MR       .....                  f - ring of wizardry
Stlth    ..........             (no ring)
HPRegen  0.22/turn              (no ring)
MPRegen  0.14/turn              (no ring)
                                (no ring)
                                (no ring)

@: berserking, lethally poisoned (0 -> -11), very quick
A: almost no armour, stealthy swim, amphibious, 8 rings, constrict 8, camouflage
1, gelatinous body 1
a: Renounce Religion


You were on level 4 of the Dungeon.
You worshipped Sif Muna.
Sif Muna was noncommittal.
You were very hungry.

You visited 1 branch of the dungeon, and saw 5 of its levels.

You collected 215 gold pieces.

Inventory:

Hand Weapons
 b - a +1 hunting sling of freezing
 c - a +1 vorpal war axe (weapon)
 e - a +0 short sword
 h - a cursed -1 rapier
Missiles
 q - 12 sling bullets
Jewellery
 a - a ring of fire (left tentacle)
 d - an amulet of faith (around mantle)
 f - a ring of wizardry (on tentacle)
 t - a ring of resist corrosion (right tentacle)
Scrolls
 m - a scroll of fog
 u - 2 scrolls of identify
Potions
 i - 2 potions of haste {unknown}
 j - a potion of heal wounds {unknown}
 k - a potion of stabbing
 l - 3 potions of curing
 n - a potion of might {unknown}
 o - a potion of degeneration {unknown}
 p - a potion of flight {unknown}
 s - a potion of cancellation {unknown}
 v - a potion of mutation {unknown}
Comestibles
 r - 12 rations


   Skills:
 + Level 2.3 Fighting
 + Level 0.5 Short Blades
 + Level 3.5 Axes
 + Level 3.2 Dodging
 - Level 5.4 Stealth
 * Level 4.1 Spellcasting
 * Level 3.2 Conjurations
 + Level 4.8 Fire Magic


You had 6 spell levels left.
You knew the following spells:

 Your Spells              Type           Power        Failure   Level  Hunger
a - Foxfire               Conj/Fire      ####         1%          1    None
b - Conjure Flame         Conj/Fire      ####....     3%          3    ###....
c - Inner Flame           Hex/Fire       ###.....     6%          3    ###....
d - Searing Ray           Conj           ###...       2%          2    ##.....

Your spell library contained the following spells:

 Spells                   Type           Power        Failure   Level  Hunger
 Magic Dart               Conj           ###.         1%          1    None
 Dazzling Flash           Conj/Hex       ##....       9%          3    ###....
 Sticky Flame             Conj/Fire      ####....     11%         4    ####...
 Fulminant Prism          Conj/Hex       ##........   26%         4    ####...
 Iskenderun's Mystic Bla  Conj/Tloc      ##......     26%         4    ####...
 Fireball                 Conj/Fire      ####......   28%         5    ######.


Dungeon Overview and Level Annotations

Branches:
Dungeon (5/15)
 Temple: D:4-7

Altars:
Dithmenos
Nemelex Xobeh
Okawaru
Qazlal
Ru
Sif Muna
Yredelemnul

Shops:
D:5 (


Innate Abilities, Weirdness & Mutations

You cannot wear most types of armour.
You are very stealthy in the water. (Stealth+)
You are amphibious.
You can wear up to eight rings at the same time.
You can use your tentacles to constrict eight enemies at once.
Your skin changes colour to match your surroundings (Stealth+).
Your rubbery body absorbs attacks. (AC +1, EV +1)


Message History

You slash the killer bee!
You kill the killer bee!
Sif Muna accepts your kill.
You feel sick.
You hear a bark!
A jackal comes into view.
The killer bee barely misses you.
You hear an angry buzzing noise.
You hear a bark!
You miss the killer bee. You grab the killer bee. You constrict the killer bee.
The killer bee closely misses you. The killer bee stings you.
* * * LOW HITPOINT WARNING * * *
You are lethally poisoned!
The killer bee poisons you!
Unknown command.
You closely miss the killer bee.
The killer bee is lightly wounded.
You constrict the killer bee, but do no damage.
* * * LOW HITPOINT WARNING * * *
You feel sick. The killer bee stings you.
You die...

... #... #..# #..#
#..# ##.... # #..#
.. ....
#h###..####o.# #...
#yy@.........##.#...
#####..####.#.......
#........o#.#...
##..............
###........##..
#.##.#### #.. #.# #
#.. #.# ..... #.#
###..


You could see 2 killer bees and a jackal.

Vanquished Creatures
  A phantom (D:4)
  2 centaurs (D:5)
  A scorpion (D:4)
  3 killer bees (D:4)
  3 crimson imps (D:5)
  A centaur zombie (D:5)
  A bullfrog zombie (D:5)
  A jelly (D:3)
  An orc wizard (D:5)
  2 worker ants
  Robin (D:2)
  4 gnolls (D:2)
  7 adders
  A shadow imp (D:5)
  2 oozes
  5 worms
  A dart slug (D:1)
  4 leopard geckos
  4 orcs
  5 giant cockroaches
  2 gnoll zombies (D:3)
  17 goblins
  10 hobgoblins
  4 jackals (D:3)
  2 quokkas
  2 ball pythons (D:1)
  9 bats
  3 frilled lizards
  10 kobolds
  10 rats
119 creatures vanquished.

Vanquished Creatures (others)
  226 foxfires
226 creatures vanquished.

Grand Total: 345 creatures vanquished

Notes
Turn   | Place    | Note
-------+----------+-------------------------------------------
     0 | D:1      | Conn the Octopode Fire Elementalist began the quest for the
                  | Orb.
     0 | D:1      | Reached XP level 1. HP: 11/11 MP: 3/3
   232 | D:1      | Reached skill level 3 in Stealth
   262 | D:1      | Reached XP level 2. HP: 16/17 MP: 5/5
   964 | D:2      | Noticed Robin
   974 | D:2      | Killed Robin
   974 | D:2      | Reached XP level 3. HP: 15/21 MP: 0/6
  1179 | D:2      | Reached XP level 4. HP: 26/27 MP: 4/7
  1454 | D:1      | Learned a level 3 spell: Conjure Flame
  1458 | D:1      | Learned a level 3 spell: Inner Flame
  1622 | D:2      | Found an iron altar of Okawaru.
  2077 | D:2      | Reached XP level 5. HP: 27/31 MP: 5/9
  2648 | D:2      | Found a sparkling altar of Nemelex Xobeh.
  3367 | D:3      | Found a basalt altar of Yredelemnul.
  3952 | D:3      | Reached skill level 4 in Stealth
  3979 | D:3      | Reached skill level 1 in Fighting
  3979 | D:3      | Reached skill level 1 in Axes
  3979 | D:3      | Reached XP level 6. HP: 34/38 MP: 5/10
  4327 | D:4      | You fall into a shaft and drop 1 floor!
  4327 | D:5      | Entered Level 5 of the Dungeon
  4329 | D:5      | Found Timu's Weapon Boutique.
  4567 | D:5      | Reached skill level 5 in Stealth
  4567 | D:5      | Reached XP level 7. HP: 17/43 MP: 12/12
  4568 | D:5      | Found a sacrificial altar of Ru.
  5028 | D:5      | Learned a level 2 spell: Searing Ray
  5167 | D:5      | Found a shadowy altar of Dithmenos.
  5519 | D:4      | Found a stormy altar of Qazlal.
  5591 | D:4      | Found a shimmering blue altar of Sif Muna.
  5594 | D:4      | Became a worshipper of Sif Muna the Loreminder
  5692 | D:4      | Reached XP level 8. HP: 21/50 MP: 10/14
  5704 | D:4      | Slain by a killer bee

Levels and vault maps discovered:
D:1:      dpeg_arrival_rhombus, layout_loops_cross, moated_statue,
          kennysheep_crisscross, serial_park_tiny_1
D:2:      layout_basic, marbit_many_paths, old_standard_altar,
          minmay_joined_circles, uniq_robin
D:3:      minmay_diamond_boxcup, layout_loops_corners,
          lemuel_zombie_altar_yredelemnul
D:4:      cheibrodos_old_hovel, layout_loops_ring, lemuel_blue_sif_altar,
          grunt_qazlal_sundering, minmay_temple_entry_nine_rooms, first_ration,
          serial_glass, glass_columns_b, glass_columns_a
D:5:      layout_loops_ring, lemuel_crystal_altar,
          nicolae_dithmenos_through_a_glass_darkly, serial_shops,
          nicolae_shop_crystal, chequers_serial_rivers_small_3

Skill      XL: |  1  2  3  4  5  6  7 |
---------------+----------------------+-----
Stealth        | 3 4 5 |  5.4
Fire Magic     | 4 |  4.8
Spellcasting   | 3 4 |  4.1
Fighting       | 1 2 |  2.3
Axes           | 1 2 3 |  3.5
Conjurations   | 2 3 |  3.2
Dodging        | 3 |  3.2
Short Blades   | |  0.5

Action                   |  1- 3 |  4- 6 |  7- 9 || total
-------------------------+-------+-------+-------++-------
Melee: Short sword       |    19 |    18 |       ||    37
       Constrict         |     5 |    17 |     7 ||    29
       Unarmed           |     1 |       |       ||     1
       War axe           |       |    51 |    27 ||    78
       Tentacles         |       |    14 |     2 ||    16
 Cast: Foxfire           |    37 |    80 |    27 ||   144
       Conjure Flame     |       |     2 |       ||     2
       Searing Ray       |       |       |     1 ||     1
  Use: Scroll            |       |     6 |     4 ||    10
       Potion            |       |     3 |     1 ||     4
 Stab: Sleeping          |     2 |    12 |     1 ||    15
  Eat: Chunk             |     1 |    11 |     2 ||    14
Armor: Skin              |     6 |    12 |     1 ||    19
Dodge: Dodged            |    32 |   108 |    42 ||   182

Table legend:
 A = Non-vault XP
 B = Vault XP
 C = Vault XP percentage of total XP
 D = Non-vault monster count
 E = Vault monster count
 F = Vault count percentage of total count
                 A         B        C        D         E       F
            +---------+---------+-------+---------+---------+-------
      Total |    1241 |     141 |  10.2 |      80 |      39 |  32.8
            +---------+---------+-------+---------+---------+-------
        D:1 |      27 |       0 |   0.0 |      16 |       0 |   0.0
        D:2 |      98 |      74 |  43.0 |      15 |      28 |  65.1
        D:3 |      86 |      67 |  43.8 |      26 |      11 |  29.7
        D:4 |     438 |       0 |   0.0 |       9 |       0 |   0.0
        D:5 |     592 |       0 |   0.0 |      14 |       0 |   0.0
            +---------+---------+-------+---------+---------+-------
